 Dungeon Crawl Stone Soup version 0.21.1-1-g345015f (webtiles) character file.

137 eccles the Gusty (level 5, -2/35 HPs)
             Began as a Human Air Elementalist on Apr 13, 2018.
             Killed by nerve-wracking pain
             ... invoked by Grinder
              (14 damage)
             ... on level 3 of the Dungeon on Apr 17, 2018.
             The game lasted 00:36:19 (3063 turns).

eccles the Gusty (Human Air Elementalist)           Turns: 3063, Time: 00:36:19

Health: -2/35      AC:  6    Str:  8    XL:     5   Next: 43%
Magic:  1/9        EV: 12    Int: 16    God:
Gold:   86         SH:  0    Dex: 14    Spells: 3/9 levels left

rFire    + . .     SeeInvis .   f - -1 dagger (curse)
rCold    + . .     Gourm    .   (no shield)
rNeg     . . .     Faith    .   t - +1 leather armour {MR+}
rPois    .         Spirit   .   r - +1 helmet
rElec    .         Reflect  .   h - scarf {rC+ rF+}
rCorr    .         Harm     .   (no gloves)
MR       +....                  (no boots)
Stlth    ++........             (no amulet)
HPRegen  0.11/turn              (no ring)
MPRegen  0.11/turn              (no ring)

@: no status effects
A: no striking features
a: no special abilities


You were on level 3 of the Dungeon.
You were hungry.

You visited 1 branch of the dungeon, and saw 3 of its levels.

You collected 86 gold pieces.

Inventory:

Hand Weapons
 e - a +0 hunting sling
 f - a cursed -1 dagger (weapon)
 g - a +0 dagger
 m - a +0 short sword
 o - a +0 hand axe
 q - a +0 dagger
 u - a +1 dagger of speed
Missiles
 j - 26 poisoned needles
 l - 48 bolts
Armour
 a - a +0 robe
 h - a scarf of resistance (worn)
 i - a +0 plate armour
 k - a +0 ring mail
 r - a +1 helmet (worn)
 t - a +1 leather armour of magic resistance (worn)
Jewellery
 n - a cursed ring of teleportation
Wands
 s - a wand of paralysis (14)
Scrolls
 p - 2 scrolls of amnesia
Potions
 d - a potion of invisibility
Books
 b - a book of Air

   Spells                             Type                      Level
   a - Shock                          Conjuration/Air              1
   b - Swiftness                      Charms/Air                   2
   c - Static Discharge               Conjuration/Air              3
   d - Airstrike                      Air                          4
   e - Lightning Bolt                 Conjuration/Air              5
Comestibles
 c - 4 rations


   Skills:
 + Level 0.2 Short Blades
 - Level 1.0 Armour
 - Level 2.0 Dodging
 - Level 2.1 Stealth
 + Level 2.9 Spellcasting
 + Level 2.1 Conjurations
 + Level 0.1 Charms
 + Level 4.4 Air Magic


You had 3 spell levels left.
You knew the following spells:

 Your Spells              Type           Power        Failure   Level  Hunger
a - Shock                 Conj/Air       ##..         7%          1    #......
b - Swiftness             Chrm/Air       #.......     16%         2    ##.....
c - Static Discharge      Conj/Air       ##......     21%         3    ###....


Dungeon Overview and Level Annotations

Branches:
Dungeon (3/15)

Altars:

Annotations:
D:3 Grinder


Message History

Grinder gestures at you.
You suddenly lose the ability to move!
Grinder rolls her eyes.
Grinder blinks!
Grinder gestures at you.
You shrug off the repeated paralysis!
You can move again.
Casting: Shock
Confirm with . or Enter, or press ? or * to list all spells.
Aiming: Shock
Press: ? - help, Shift-Dir - straight line, f/p - Grinder
Aim: Grinder (severely wounded)
The zap hits Grinder.
Grinder is severely wounded.
Grinder hits you.
You writhe in agony.
Your magical contamination has completely faded away.
Grinder blinks!
Grinder gestures at you. Pain shoots through your body!
You die...

#.#.#...>..5....',,,,,.
#.#...#..###....###***#
#.###.#......##...# # #.#
#5#..######.#.##### #.#
#.#.......#.#...... #.#
#§##............... ####.#
#.##....#.#.#...... #....#
#.##.##†#.#.#.##### #.####
#.@..#..†.(.#.#
##.##############.###.#####
#...............((# #÷#....
################### #....##
#....'. #########....##
#........†...#
#........###.# #........#
#.#


You could see Grinder.

Vanquished Creatures
  Robin (D:2)
  6 adders
  2 oozes (D:2)
  3 dart slugs
  4 orcs (D:3)
  4 bats
  13 goblins
  4 hobgoblins (D:2)
  A quokka (D:3)
  2 frilled lizards (D:2)
  9 kobolds
  7 rats
56 creatures vanquished.

Notes
Turn   | Place    | Note
-------+----------+-------------------------------------------
     0 | D:1      | eccles the Human Air Elementalist began the quest for the Orb.
     0 | D:1      | Reached XP level 1. HP: 13/13 MP: 3/3
   681 | D:1      | Reached XP level 2. HP: 19/19 MP: 0/5
   815 | D:1      | Learned a level 2 spell: Swiftness
  1223 | D:2      | Noticed Robin
  1357 | D:2      | Reached XP level 3. HP: 24/24 MP: 4/6
  1378 | D:2      | Reached skill level 1 in Armour
  1432 | D:2      | Learned a level 3 spell: Static Discharge
  1495 | D:2      | Killed Robin
  1828 | D:2      | Reached XP level 4. HP: 24/30 MP: 0/7
  1964 | D:2      | Reached skill level 4 in Air Magic
  2604 | D:3      | Reached XP level 5. HP: 33/35 MP: 5/9
  2901 | D:3      | Noticed Grinder
  2959 | D:3      | Paralysed by Grinder for 7 turns
  3025 | D:3      | Paralysed by Grinder for 6 turns
  3051 | D:3      | Paralysed by Grinder for 7 turns
  3063 | D:3      | Killed from afar by Grinder

Skill      XL: |  1  2  3  4  5 |
---------------+----------------+-----
Armour         | 1 |  1.0
Air Magic      | 4 |  4.4
Conjurations   | 2 |  2.1
Short Blades   | |  0.2
Dodging        | |  2.0
Stealth        | |  2.1
Spellcasting   | |  2.9
Charms         | |  0.1

Action                   |  1- 3 |  4- 6 || total
-------------------------+-------+-------++-------
Melee: Unarmed           |     1 |       ||     1
       Dagger            |       |    43 ||    43
 Cast: Shock             |    69 |    83 ||   152
       Swiftness         |     1 |       ||     1
       Static Discharge  |     1 |     1 ||     2
  Use: Potion            |     4 |       ||     4
       Scroll            |     5 |     5 ||    10
  Eat: Ration            |     1 |     1 ||     2
       Chunk             |     1 |       ||     1
Armor: Robe              |     7 |     3 ||    10
       Leather armour    |       |    11 ||    11
Dodge: Dodged            |     8 |    45 ||    53
